 Dungeon Crawl Stone Soup version 0.26-a0-710-g95a0c6c400 (webtiles) character file.

Game seed: 12019788026655098402

15198 ringo67 the Grappler (level 11, -8/101 HPs)
             Began as a Troll Monk on Oct 30, 2020.
             Was an Elder of Hepliaklqana.
             Mangled by a death yak (19 damage)
             ... on level 3 of the Lair of Beasts.
             The game lasted 00:28:55 (11689 turns).

ringo67 the Grappler (Troll Monk)                  Turns: 11689, Time: 00:28:56

Health: -8/101     AC: 10    Str: 24    XL:     11   Next: 98%
Magic:  12/12      EV: 14    Int:  6    God:    Hepliaklqana [****..]
Gold:   829        SH:  0    Dex: 12    Spells: 10/10 levels left

rFire    + . .     SeeInvis .   y - +9 lance "Wyrmbane" {slay drac, rPois rF+ rC+ AC+3}
rCold    + . .     Faith    .   (no shield)
rNeg     . . .     Spirit   .   H - +0 robe (curse)
rPois    +         Reflect  .   (helmet restricted)
rElec    .         Harm     .   s - +0 cloak
rCorr    .         Rampage  .   (gloves unavailable)
MR       .....                  (boots unavailable)
Stlth    ++........             (no amulet)
HPRegen  0.66/turn              (no ring)
MPRegen  0.13/turn              (no ring)

@: no status effects
A: large, unfitting armour, reduced essence, claws 3, regeneration 1, shaggy fur
1, tough skin 3
a: Recall Ancestor, Ancestor Identity, Transference, Idealise, Renounce Religion


You were on level 3 of the Lair of Beasts.
You worshipped Hepliaklqana.
Hepliaklqana was greatly pleased with you.
You visited 3 branches of the dungeon, and saw 13 of its levels.

You collected 829 gold pieces.

Inventory:

Hand Weapons
 y - the +9 lance "Wyrmbane" (weapon) {slay drac, rPois rF+ rC+ AC+3}
   (You took it off Maggie on level 7 of the Dungeon)

   It affects your AC (+3).
   It protects you from fire.
   It protects you from cold.
   It protects you from poison.
Missiles
 d - 60 poisoned darts (quivered)
 l - a throwing net
Armour
 a - a +0 robe
 s - a +0 cloak (worn)
 H - a cursed +0 robe (worn)
Jewellery
 q - an uncursed ring of magical power
Wands
 r - a wand of polymorph (2)
 x - a wand of digging (2)
 C - a wand of disintegration (18)
 I - a wand of iceblast (11)
 K - a wand of paralysis (7)
Scrolls
 e - 5 scrolls of teleportation
 i - 3 scrolls of remove curse
 k - a scroll of fog
 n - 2 scrolls of enchant armour {unknown}
 A - 5 scrolls of identify
 B - 4 scrolls of magic mapping {unknown}
 D - 2 scrolls of enchant weapon {unknown}
 E - a scroll of fear {unknown}
 F - a scroll of silence {unknown}
 G - 2 scrolls of torment {unknown}
 J - a scroll of vulnerability {unknown}
Potions
 b - 2 potions of resistance
 c - 3 potions of lignification
 f - 3 potions of heal wounds {unknown}
 g - a potion of ambrosia {unknown}
 h - a potion of degeneration {unknown}
 j - 4 potions of berserk rage
 m - 4 potions of flight {unknown}
 o - 2 potions of might {unknown}
 p - 2 potions of haste
 t - 2 potions of brilliance {unknown}
 u - a potion of invisibility
 v - a potion of stabbing {unknown}
 w - 2 potions of mutation {unknown}
 z - 2 potions of curing {unknown}


   Skills:
 + Level 8.8 Fighting
 * Level 8.5 Polearms
 - Level 3.1 Throwing
 - Level 8.0 Dodging
 - Level 1.0 Stealth
 - Level 9.4 Unarmed Combat
 - Level 3.0 Invocations


You had 10 spell levels left.
You didn't know any spells.
Your spell library contained the following spells:

 Spells                   Type           Power        Failure   Level
 Beastly Appendage        Tmut           #.....       45%         1
 Wereblood                Tmut           #.......     58%         2
 Spider Form              Tmut/Pois      #.........   83%         3
 Ice Form                 Ice/Tmut       #.......     99%         4
 Blade Hands              Tmut           #.........   100%        5


Dungeon Overview and Level Annotations

Branches:
Dungeon (9/15)             Temple (1/1) D:6            Lair (3/6) D:9
 Shoals (0/4) Lair:2        Snake (0/4) Lair:2
    Orc: D:9-12

Altars:
Ashenzari
Cheibriados
Dithmenos
Elyvilon
Fedhas
Gozag
Hepliaklqana
Kikubaaqudgha
Makhleb
Nemelex Xobeh
Okawaru
Qazlal
Ru
Sif Muna
Trog
Uskayaw
Vehumet
Wu Jian
Xom
Yredelemnul
Zin
The Shining One

Shops:
D:4 (   D:7 =

Annotations:
D:4 3 runed translucent doors, LufLufFighter's ghost, amateur DrTm


Innate Abilities, Weirdness & Mutations

You are too large for most types of armour.
You have claws for hands.
Your natural rate of healing is unusually fast.
You are covered in fur. (AC +1)
You have extremely tough skin. (AC +3)
Your life essence is reduced to manifest your ancestor. (-10% HP)


Message History

You puncture the death yak!
The death yak is severely wounded.
The death yak gores you!
The death yak gores you but does no damage.
Trololo hits the death yak but does no damage.
Trololo drains the death yak.
The death yak gores you!
* * * LOW HITPOINT WARNING * * *
Trololo hits the death yak but does no damage.
Trololo drains the death yak.
You hit the death yak.
The death yak is almost dead.
The death yak gores you!!
* * * LOW HITPOINT WARNING * * *
Trololo hits the death yak with a +0 dagger of draining.
The death yak gores Trololo!!
You hit the death yak.
The death yak is almost dead.
The death yak gores you!!
You die...

#### ##.# #.#..####..#
##R.###..####..#..##..###
####.#.....###.............#
.##.#####..##...#.#.#..##.### #
.##Y##.##......#......#####.####.
...R##......##........###†..##.#.
.#....#..#......Y......#..#..YY..
##.....####.....YR#.........###..
##.....##......@####....#..##Y#.
#.....P###......#YY..#####..Y#.P
#P.#.### #...#.......# ##......
#..... #......##...####...###.
##...... ..#.#...##..#.......# .
...........##.........#.....#.# .
.#.... ..#...............P.......
## .. ..........#...###.....#
.....#...##..#.........#


You could see the friendly Trololo the hexer and 2 death yaks.

Vanquished Creatures
  Gastronok (Lair:1)
  A hydra (Lair:2)
  A two-headed ogre (D:9)
  3 death yaks
  Pikel (D:8)
  2 black mambas
  Joseph (D:9)
  3 cane toads
  A torpor snail (Lair:3)
  A rime drake (Lair:1)
  A komodo dragon (Lair:1)
  A polar bear (Lair:2)
  3 yaks (Lair:3)
  2 wyverns
  A steam dragon (Lair:2)
  4 nagas (Lair:2)
  7 water moccasins
  A black bear (D:6)
  2 ice beasts
  2 ogres
  4 sky beasts
  5 phantoms
  2 centaurs
  8 bullfrogs
  6 scorpions
  11 killer bees (D:7)
  6 wights
  3 howler monkeys
  An electric eel (Lair:1)
  A centaur zombie (D:7)
  3 orc priests
  2 jellies
  5 hounds
  3 orc wizards
  An iguana (D:5)
  Natasha (thrice) (D:4)
  10 worker ants
  2 hound skeletons
  Robin (D:2)
  4 gnolls (D:6)
  12 adders
  3 shadow imps
  5 white imps
  2 ufetubi
  An ooze (D:1)
  3 adder skeletons
  A worm (D:3)
  A dart slug (D:1)
  5 leopard geckos
  26 orcs
  A bat (D:1)
  6 giant cockroaches
  11 goblins
  7 hobgoblins
  16 jackals
  6 quokkas
  2 ball pythons
  6 frilled lizards
  9 kobolds
  A leopard gecko skeleton (D:4)
  7 rats
251 creatures vanquished.

Vanquished Creatures (collateral kills)
  Maggie (D:7)
  A komodo dragon (Lair:1)
  A vampire (D:9)
  A water moccasin (Lair:2)
  A hornet zombie (D:9)
  A bullfrog skeleton (D:9)
  2 orc wizards (D:9)
  An adder (Lair:2)
  An adder skeleton (D:9)
  2 orcs
  A jackal (D:9)
13 creatures vanquished.

Vanquished Creatures (others)
  8 hexers
  7 fungi
  14 plants
29 creatures vanquished.

Grand Total: 293 creatures vanquished

Notes
Turn   | Place    | Note
-------+----------+-------------------------------------------
     0 | D:1      | ringo67 the Troll Monk began the quest for the Orb.
     0 | D:1      | Reached XP level 1. HP: 22/22 MP: 0/0
   370 | D:1      | Reached XP level 2. HP: 23/29 MP: 1/1
   779 | D:2      | Noticed Robin
   783 | D:2      | Reached XP level 3. HP: 33/36 MP: 2/2
   807 | D:2      | Reached skill level 1 in Throwing
   981 | D:2      | Killed Robin
  1278 | D:3      | Reached XP level 4. HP: 40/44 MP: 3/3
  1549 | D:3      | Found a broken altar of Ashenzari.
  1646 | D:3      | Reached skill level 4 in Unarmed Combat
  1850 | D:3      | Reached XP level 5. HP: 15/53 MP: 4/4
  2032 | D:4      | Noticed Natasha
  2245 | D:4      | Killed Natasha
  2269 | D:4      | Found Posies's Weapon Boutique.
  2318 | D:4      | Noticed an ogre
  2337 | D:4      | HP: 2/53 [ogre/+0 giant club (18)]
  2341 | D:4      | Killed an ogre
  2341 | D:4      | Reached XP level 6. HP: 5/61 MP: 5/5
  2546 | D:4      | Reached skill level 5 in Unarmed Combat
  2788 | D:4      | Found a runed translucent gate.
  2789 | D:4      | Found a runed translucent gate.
  2789 | D:4      | Noticed LufLufFighter's ghost (amateur DrTm)
  2790 | D:4      | Found a runed translucent gate.
  2863 | D:5      | Entered Level 5 of the Dungeon
  2863 | D:5      | Noticed a sky beast
  2864 | D:5      | Reached XP level 7. HP: 68/68 MP: 6/6
  2895 | D:4      | Noticed Natasha
  2905 | D:4      | Killed Natasha
  2940 | D:4      | Noticed Natasha
  2950 | D:4      | Killed Natasha
  3232 | D:5      | Reached skill level 6 in Unarmed Combat
  3374 | D:5      | Reached XP level 8. HP: 60/79 MP: 7/7
  4085 | D:5      | Reached skill level 7 in Unarmed Combat
  4925 | D:6      | Found a staircase to the Ecumenical Temple.
  4961 | Temple   | Entered the Ecumenical Temple
  5279 | D:6      | Found an ancient bone altar of Kikubaaqudgha.
  5300 | D:6      | Reached skill level 5 in Fighting
  5447 | D:7      | Reached skill level 5 in Dodging
  5447 | D:7      | Reached skill level 8 in Unarmed Combat
  5657 | D:7      | Reached XP level 9. HP: 51/88 MP: 8/8
  5973 | D:7      | Reached skill level 9 in Unarmed Combat
  6420 | D:7      | Found a shimmering blue altar of Sif Muna.
  6424 | D:7      | Found a sacrificial altar of Ru.
  6424 | D:7      | Found a basalt altar of Yredelemnul.
  6437 | D:7      | Found a hazy altar of Hepliaklqana.
  6446 | D:7      | Became a worshipper of Hepliaklqana the Forgotten
  6446 | D:7      | Reached * piety under Hepliaklqana
  6446 | D:7      | Reached ** piety under Hepliaklqana
  6447 | D:7      | Remembered your ancestor Trololo as a hexer
  6454 | D:7      | Found a broken altar of Ashenzari.
  6528 | D:7      | Found Hogiv's Jewellery Shop.
  6561 | D:7      | Noticed Maggie
  6579 | D:7      | Killed Maggie
  6812 | D:7      | Reached skill level 1 in Polearms
  6851 | D:7      | Found an ornate altar of the Wu Jian Council.
  7103 | D:8      | Noticed Pikel
  7227 | D:8      | Killed Pikel
  7227 | D:8      | Reached XP level 10. HP: 90/90 MP: 9/9
  7691 | D:9      | Noticed a death yak
  7716 | D:9      | Noticed a +0 hand axe
  7718 | D:9      | Noticed a +0 hand axe
  7718 | D:9      | Noticed Joseph
  7746 | D:9      | Killed Joseph
  7749 | D:9      | Found a hide-covered altar of Uskayaw.
  7755 | D:9      | Reached *** piety under Hepliaklqana
  7820 | D:9      | Noticed a death yak
  7820 | D:9      | Noticed a death yak
  7820 | D:9      | Noticed a death yak
  7824 | D:9      | Noticed a death yak
  7825 | D:9      | Found a staircase to the Lair.
  7826 | D:9      | Noticed a death yak
  7888 | D:9      | Noticed a two-headed ogre
  7896 | D:9      | Killed a two-headed ogre
  8217 | D:8      | Killed a death yak
  8217 | D:8      | Reached skill level 5 in Polearms
  8678 | Lair:1   | Entered Level 1 of the Lair of Beasts
  8912 | Lair:1   | Noticed Gastronok
  8918 | Lair:1   | Noticed a black mamba
  9009 | Lair:1   | Killed a black mamba
  9051 | Lair:1   | Killed Gastronok
  9051 | Lair:1   | Reached XP level 11. HP: 66/99 MP: 10/10
  9776 | Lair:2   | Reached **** piety under Hepliaklqana
  9796 | Lair:2   | Found a staircase to the Shoals.
 10164 | Lair:2   | Reached skill level 1 in Invocations
 10387 | Lair:2   | Found a staircase to the Snake Pit.
 10672 | Lair:2   | Noticed a six-headed hydra
 10688 | Lair:2   | Killed a six-headed hydra
 11561 | Lair:3   | Noticed a death yak
 11562 | Lair:3   | Noticed a death yak
 11578 | Lair:3   | Noticed a death yak
 11580 | Lair:3   | Noticed a death yak
 11583 | Lair:3   | Killed a death yak
 11642 | Lair:3   | Killed a death yak
 11689 | Lair:3   | Mangled by a death yak

Illustrated notes

Levels and vault maps discovered:
D:1:      roderic_crop_circles_arrival_small, layout_basic
D:2:      layout_rooms, minmay_worlds_worst_comb, uniq_robin
D:3:      layout_loops_cross, evilmike_ruin_ashenzari
D:4:      layout_cave_pools, gammafunk_ghost_nasty_kobolds, serial_shops, shop,
          minmay_manual_mullet, uniq_natasha
D:5:      layout_basic, corexii_corridor_pit, st_stairs_8
D:6:      layout_rooms, lemuel_doored_altar, temple_pool_b
D:7:      layout_basic, lemuel_coloured_pillars_altar,
          minmay_overflow_temple_star_hex, serial_shops, kennysheep_little_box,
          uniq_maggie
D:8:      layout_basic, uniq_pikel
D:9:      layout_small_grid, dancing_weapons_uskayaw, dpeg_lair_monsters,
          uniq_joseph
Temple:   minmay_temple_curvy_branch
Lair:1:   layout_gridlike, serial_bayou_pond_c, serial_bayou_shore_b,
          uniq_gastronok
Lair:2:   layout_layer_cave, shoals_dummy_entry, guppyfry_snake_entry_island,
          cheibrodos_lair_reptile_den
Lair:3:   layout_layer_cave, special_room [special_room_bee]

Skill      XL: |  1  2  3  4  5  6  7  8  9 10 11 |
---------------+----------------------------------+-----
Throwing       | 1 2 3 |  3.1
Fighting       | 3 4 5 6 7 8 |  8.8
Unarmed Combat | 4 5 6 8 9 |  9.4
Dodging        | 3 4 5 6 7 8 |  8.0
Polearms       | 2 6 8 |  8.5
Invocations    | 3 |  3.0
Stealth        | |  1.0

Action                   |  1- 3 |  4- 6 |  7- 9 | 10-12 || total
-------------------------+-------+-------+-------+-------++-------
Melee: Unarmed           |   107 |   119 |   350 |       ||   576
       Punch             |       |     2 |     7 |    19 ||    28
       Lance             |       |       |    37 |   324 ||   361
Throw: Dart              |     2 |    12 |    12 |     5 ||    31
Invok: Recall Ancestor   |       |       |     1 |     1 ||     2
       Ancestor Life: He |       |       |     1 |       ||     1
       Ancestor Identity |       |       |     1 |       ||     1
  Use: Scroll            |       |     1 |    10 |     2 ||    13
       Potion            |       |       |     1 |       ||     1
 Stab: Sleeping          |     2 |     5 |     1 |     2 ||    10
       Distracted        |       |       |     2 |     4 ||     6
       Confused          |       |       |     2 |     4 ||     6
Armor: Robe              |    47 |    30 |    92 |    55 ||   224
       Skin              |       |       |     9 |       ||     9
Dodge: Dodged            |    53 |    53 |   234 |   132 ||   472

Table legend: (Time is in decaauts)
 A = Elapsed time spent in this place.
 B = Non-inter-level travel time spent in this place.
 C = Inter-level travel time spent in this place.
 D = Time resting spent in this place.
 E = Time spent auto-exploring this place.
 F = Levels seen in this place.
 G = Mean time per level.
                   A        B        C        D        E       F      G
               +--------+--------+--------+--------+--------+-----+--------+
         Total |  11621 |  11020 |    601 |   2329 |   6318 |  13 |  893.9 |
       Dungeon |   8412 |   7944 |    468 |   1881 |   4126 |   9 |  934.7 |
        Temple |    230 |    230 |      0 |      0 |    223 |   1 |  230.0 |
          Lair |   2978 |   2845 |    133 |    448 |   1969 |   3 |  992.7 |
               +--------+--------+--------+--------+--------+-----+--------+

Top non-repeatable levels by time:
     D:7: 1599 daAuts
     D:5: 1412 daAuts
  Lair:2: 1393 daAuts
  Lair:1: 1044 daAuts
     D:3: 1034 daAuts
     D:4: 908 daAuts
     D:8: 860 daAuts
     D:9: 747 daAuts
     D:6: 687 daAuts
     D:2: 622 daAuts
     D:1: 540 daAuts
  Lair:3: 540 daAuts
  Temple: 230 daAuts
